 Dungeon Sprint DCSS version 0.28-a0-1356-g2ad6d04315 (webtiles) character file.

Game seed: 5747478257098530846

25916 mhtbhm the Bludgeoner (level 13, 0/97 HPs)
             Began as a Gargoyle Fighter on Dec 30, 2021.
             Was an Initiate of Gozag.
             Slain by a pharaoh ant (15 damage)
             ... in the Dungeon (Sprint IX: "|||||||||||||||||||||||||||||").
             The game lasted 00:08:41 (4903 turns).

mhtbhm the Bludgeoner (Gargoyle Fighter)            Turns: 4903, Time: 00:08:42

Health: 0/97       AC: 33    Str: 28    XL:     13   Next: 22%
Magic:  13/13      EV: 10    Int:  9    God:    Gozag
Gold:   6747       SH: 18    Dex:  9    Spells: 12/12 levels left

rFire   . . .      SeeInvis .   a - +4 eveningstar (flame)
rCold   . . .      Faith    .   c - +1 tower shield
rNeg    + . .      Spirit   .   b - +2 plate armour
rPois   ∞          Reflect  .   m - +1 helmet
rElec   +          Harm     .   l - +0 cloak
rCorr   .          Rampage  .   (no gloves)
Will    .....      NoTele   +   (no boots)
Stlth   ..........              (no amulet)
HPRegen 0.26/turn               n - +3 ring of strength
MPRegen 0.13/turn               o - +2 ring of evasion

@: no status effects
A: sickness immunity, AC +9, negative energy resistance 1, electricity
resistance, torment resistance 1, petrification resistance
a: Renounce Religion, Potion Petition, Call Merchant, Bribe Branch


You were in the Dungeon.
You worshipped Gozag.
Gozag was greatly pleased with you.
You visited 1 branch You collected 9336 gold pieces.
You spent 1159 gold pieces at shops.
You paid 1430 gold pieces to Gozag.

Inventory:

Hand Weapons
 a - a +4 eveningstar of flaming (weapon)
 I - a +5 vampiric demon trident
Missiles
 p - 12 poisoned darts (quivered)
 D - 5 javelins
 E - 5 throwing nets
Armour
 b - a +2 plate armour (worn)
 c - a +1 tower shield (worn)
 l - a +0 cloak (worn)
 m - a +1 helmet (worn)
Jewellery
 n - a +3 ring of strength (left hand)
 o - a +2 ring of evasion (right hand)
 v - a ring of protection from fire
 F - a ring of willpower
 G - a ring of protection from fire
 H - a ring of protection from cold
Wands
 k - a wand of iceblast (6)
 q - a wand of flame (24)
Scrolls
 i - 2 scrolls of amnesia
 j - a scroll of blinking
 r - 3 scrolls of enchant armour
 s - 6 scrolls of enchant weapon
 t - 2 scrolls of fear
 u - 2 scrolls of holy word
 y - 2 scrolls of summoning
 z - 3 scrolls of identify
 A - 3 scrolls of fog
Potions
 d - 4 potions of berserk rage
 e - a potion of heal wounds
 f - 11 potions of curing
 g - 2 potions of brilliance
 h - 4 potions of magic
 w - a potion of mutation
 x - 2 potions of attraction
 B - 2 potions of might
 C - a potion of cancellation


   Skills:
 + Level 17.6 Fighting
 + Level 20.3 Maces & Flails
 + Level 0.9 Throwing
 + Level 15.9 Armour
 + Level 8.5 Dodging
 - Level 7.7 Stealth
 + Level 14.7 Shields
 + Level 3.9 Evocations


You had 12 spell levels left.
You didn't know any spells.
Your spell library was empty.

Dungeon Overview and Level Annotations

Branches:
Dungeon (1/1)

Altars:
Cheibriados
Dithmenos
Elyvilon
Fedhas
Gozag
Hepliaklqana
Kikubaaqudgha
Makhleb
Nemelex Xobeh
Okawaru
Qazlal
Ru
Sif Muna
Trog
Uskayaw
Vehumet
Wu Jian
Xom
Yredelemnul
Zin
The Shining One
Beogh
Jiyva
Lugonu

Shops:
D !?(!


Innate Abilities, Weirdness & Mutations

You are immune to sickness and miasma.
Your stone body is resilient. (AC +9)
You are immune to poison.
You resist negative energy. (rN+)
You are resistant to electric shocks. (rElec)
You are resistant to unholy torment.
You are immune to petrification.


Message History

[b] - 480 gold - resistance, might and haste [c] - 345 gold - haste and heal wounds Purchase which effect?
You feel yourself speed up.
You feel much better. The pharaoh ant bites you!
The jumping spider completely misses you.
You block the jumping spider's attack. You block the pharaoh ant's attack.
You block the jumping spider's attack.
The jumping spider bites you but does no damage.
The pharaoh ant misses you.
Unknown command.
Unknown command.
You closely miss the jumping spider. The jumping spider pounces on you!
You block the jumping spider's attack.
The pharaoh ant bites you but does no damage.
You impale the jumping spider!! You burn the jumping spider.
You kill the jumping spider!
The jumping spider's corpse disappears in a puff of smoke!
An orb spider comes into view.
The pharaoh ant closely misses you.
Unknown command.
The meliai is distracted by your dazzling golden aura.
You block the pharaoh ant's attack.
You feel yourself speed up.
The meliai buzzes angrily.
There is an open door to the Shoals here.
The broodmother summons spiders!
The jumping spider leaps!
Things that are here:
a +1 demon trident of venom; a +0 leather armour You see here a +0 robe.
Your extra speed is starting to run out.
You feel yourself slow down. You block the pharaoh ant's attack.
The pharaoh ant bites you!
* * * LOW HITPOINT WARNING * * *
The pharaoh ant bites you!
* * * LOW HITPOINT WARNING * * *
The pharaoh ant bites you!
You die...
Your body crumbles into a pile of gold.

▓▓▓▓▓▓▓▓▓▓▓▓▓▓▓▓▓▓▓▓▓▓▓
.s....'s.sy.....$..ywss
▓▓▓▓▓▓▓▓▓▓▓▓▓▓▓▓▓▓▓▓▓▓▓▓▓▓▓▓▓▓▓▓▓
...............B@................
▓▓▓▓▓▓▓▓▓▓▓▓▓▓▓▓▓▓▓▓▓▓▓▓▓▓▓▓▓▓▓▓▓
'...=.)))))))).[[[[[[[[..........
▓▓▓▓▓▓▓▓▓▓▓▓▓▓▓▓▓▓▓▓▓▓▓▓▓▓▓▓▓▓▓▓▓
...........)..................)..
▓▓▓▓▓▓▓▓▓▓▓▓▓▓▓▓▓▓▓▓▓▓▓▓▓▓▓▓▓▓▓▓▓
...)')))))).)))...').).........')
▓▓▓▓▓▓▓▓▓▓▓▓▓▓▓▓▓▓▓▓▓▓▓▓▓▓▓▓▓▓▓▓▓
.............)...................


You could see a pharaoh ant.

Vanquished Creatures
  A lich (D)
  A frost giant (D)
  A stone giant (D)
  2 merfolk impalers (D)
  Josephine (D)
  Harold (D)
  A merfolk avatar (D)
  A hydra (D)
  An alligator snapping turtle (D)
  A centaur warrior (D)
  A death yak (D)
  A spriggan berserker (D)
  An orc high priest (D)
  Urug (D)
  A pharaoh ant (D)
  A skeletal warrior (D)
  A flayed ghost (D)
  2 orc knights (D)
  5 ugly things (D)
  2 deep elf pyromancers (D)
  5 orc sorcerers (D)
  3 manticores (D)
  A black mamba (D)
  A cane toad (D)
  An unseen horror (shapeshifter) (D)
  A gargoyle (D)
  A rime drake (D)
  Psyche (D)
  A tengu conjurer (D)
  An efreet (D)
  2 komodo dragons (D)
  2 merfolk (D)
  A wyvern (D)
  5 wraiths (D)
  A basilisk (D)
  A steam dragon (D)
  2 wargs (D)
  8 water moccasins (D)
  A hell hound (D)
  10 orc warriors (D)
  A black bear (D)
  5 wolves (D)
  A phantom (D)
  2 kobold brigands (D)
  2 bullfrogs (D)
  A scorpion (D)
  A wight (D)
  A gnoll shaman (D)
  3 orc priests (D)
  12 orc wizards (D)
  An adder skeleton (D)
  A dart slug (D)
  6 orcs (D)
  A hobgoblin (D)
  A ball python zombie (D)
  2 kobolds (D)
  A rat (D)
118 creatures vanquished.

Notes
Turn   | Place    | Note
-------+----------+-------------------------------------------
     0 | D        | mhtbhm the Gargoyle Fighter began the quest for the Orb.
     0 | D        | Reached XP level 1. HP: 14/14 MP: 1/1
    80 | D        | Noticed an orc wizard
    80 | D        | Noticed a phantom
    80 | D        | Noticed a scorpion
    80 | D        | Noticed a gnoll shaman
   106 | D        | Killed an orc wizard
   107 | D        | Reached XP level 2. HP: 5/20 MP: 2/2
   107 | D        | Reached XP level 3. HP: 6/25 MP: 3/3
   114 | D        | Killed a phantom
   115 | D        | Reached skill level 5 in Fighting
   115 | D        | Reached skill level 3 in Maces & Flails
   115 | D        | Reached XP level 4. HP: 18/32 MP: 4/4
   117 | D        | Killed a scorpion
   118 | D        | Reached skill level 4 in Maces & Flails
   118 | D        | Reached XP level 5. HP: 22/37 MP: 5/5
   121 | D        | Reached skill level 1 in Dodging
   132 | D        | Found a snail-covered altar of Cheibriados.
   132 | D        | Found a shadowy altar of Dithmenos.
   132 | D        | Found a white marble altar of Elyvilon.
   132 | D        | Found a blossoming altar of Fedhas.
   132 | D        | Found an opulent altar of Gozag.
   133 | D        | Found a hazy altar of Hepliaklqana.
   134 | D        | Found a viscous altar of Jiyva.
   135 | D        | Found an ancient bone altar of Kikubaaqudgha.
   136 | D        | Found a corrupted altar of Lugonu.
   137 | D        | Found a burning altar of Makhleb.
   138 | D        | Found a sparkling altar of Nemelex Xobeh.
   139 | D        | Found an iron altar of Okawaru.
   140 | D        | Found a stormy altar of Qazlal.
   141 | D        | Found a sacrificial altar of Ru.
   142 | D        | Found a shimmering blue altar of Sif Muna.
   143 | D        | Found a bloodstained altar of Trog.
   144 | D        | Found a hide-covered altar of Uskayaw.
   150 | D        | Became a worshipper of Gozag Ym Sagoz the Greedy
   156 | D        | Found a radiant altar of Vehumet.
   157 | D        | Found an ornate altar of the Wu Jian Council.
   158 | D        | Found a shimmering altar of Xom.
   159 | D        | Found a basalt altar of Yredelemnul.
   160 | D        | Found a glowing silver altar of Zin.
   161 | D        | Found a glowing golden altar of the Shining One.
   292 | D        | Noticed a wraith
   292 | D        | Noticed a kobold brigand
   292 | D        | Noticed a steam dragon
   292 | D        | Noticed a kobold brigand
   296 | D        | Killed a wraith
   297 | D        | Reached skill level 6 in Maces & Flails
   297 | D        | Reached XP level 6. HP: 44/44 MP: 6/6
   313 | D        | Killed a steam dragon
   314 | D        | Reached skill level 7 in Maces & Flails
   314 | D        | Reached skill level 10 in Armour
   314 | D        | Reached XP level 7. HP: 37/49 MP: 7/7
   498 | D        | Noticed a six-headed hydra
   498 | D        | Noticed a skeletal warrior
   498 | D        | Noticed a deep elf pyromancer
   498 | D        | Noticed a basilisk
   498 | D        | Noticed a gargoyle
   498 | D        | Noticed a wraith
   515 | D        | Killed a six-headed hydra
   516 | D        | Reached skill level 9 in Maces & Flails
   516 | D        | Reached skill level 1 in Evocations
   516 | D        | Reached XP level 8. HP: 45/56 MP: 8/8
   522 | D        | Killed a skeletal warrior
   523 | D        | Reached skill level 10 in Maces & Flails
   523 | D        | Reached skill level 1 in Stealth
   523 | D        | Reached skill level 10 in Shields
   523 | D        | Reached XP level 9. HP: 41/60 MP: 9/9
   526 | D        | Killed a deep elf pyromancer
   527 | D        | Reached skill level 11 in Maces & Flails
   541 | D        | Killed a gargoyle
   542 | D        | Reached skill level 12 in Maces & Flails
   542 | D        | Reached skill level 5 in Dodging
   865 | D        | Noticed a komodo dragon
   867 | D        | Noticed a black mamba
   877 | D        | Reached skill level 10 in Fighting
   887 | D        | Killed a komodo dragon
   888 | D        | Reached XP level 10. HP: 56/68 MP: 10/10
   892 | D        | Killed a black mamba
   893 | D        | Reached skill level 13 in Maces & Flails
   995 | D        | Noticed a death yak
  1001 | D        | Noticed a cane toad
  1011 | D        | Killed a death yak
  1012 | D        | Reached skill level 14 in Maces & Flails
  1012 | D        | Reached skill level 5 in Stealth
  1038 | D        | Killed a cane toad
  1152 | D        | Reached skill level 15 in Maces & Flails
  1191 | D        | Reached XP level 11. HP: 54/76 MP: 11/11
  1342 | D        | Noticed Psyche
  1349 | D        | Killed Psyche
  1551 | D        | Noticed an orc knight
  1555 | D        | Noticed an orc high priest
  1561 | D        | Noticed an orc knight
  1643 | D        | Killed an orc knight
  1644 | D        | Reached skill level 16 in Maces & Flails
  1837 | D        | Killed an orc high priest
  1865 | D        | Killed an orc knight
  2018 | D        | Found Xaicisk's Distillery.
  2018 | D        | Noticed an orc sorcerer
  2018 | D        | Noticed an orc sorcerer
  2018 | D        | Noticed an orc sorcerer
  2025 | D        | Killed an orc sorcerer
  2026 | D        | Reached skill level 17 in Maces & Flails
  2026 | D        | Found Nioth's Magic Scroll Shoppe.
  2030 | D        | Killed an orc sorcerer
  2033 | D        | Paralysed by an orc sorcerer for 4 turns
  2040 | D        | Killed an orc sorcerer
  2043 | D        | Found Leshreukh's Antique Weapon Emporium.
  2196 | D        | Found Ifum's Distillery.
  2199 | D        | Noticed an orc sorcerer
  2200 | D        | Noticed an orc sorcerer
  2212 | D        | Killed an orc sorcerer
  2217 | D        | Paralysed by an orc sorcerer for 3 turns
  2223 | D        | Killed an orc sorcerer
  2277 | D        | Bought a scroll of holy word for 90 gold pieces
  2281 | D        | Bought a potion of curing for 42 gold pieces
  2281 | D        | Bought a potion of berserk rage for 70 gold pieces
  2281 | D        | Bought a potion of mutation for 112 gold pieces
  2281 | D        | Bought a potion of attraction for 42 gold pieces
  2281 | D        | Bought a potion of heal wounds for 70 gold pieces
  2285 | D        | Bought a scroll of summoning for 114 gold pieces
  2285 | D        | Bought a scroll of summoning for 114 gold pieces
  2285 | D        | Bought 2 scrolls of identify for 48 gold pieces
  2285 | D        | Bought a scroll of enchant armour for 90 gold pieces
  2285 | D        | Bought a scroll of fog for 24 gold pieces
  2287 | D        | Bought a potion of might for 44 gold pieces
  2287 | D        | Bought a potion of berserk rage for 55 gold pieces
  2287 | D        | Bought a potion of curing for 33 gold pieces
  2287 | D        | Bought a potion of curing for 33 gold pieces
  2287 | D        | Bought a potion of curing for 33 gold pieces
  2287 | D        | Bought a potion of attraction for 33 gold pieces
  2293 | D        | Bought a potion of cancellation for 112 gold pieces
  2386 | D        | Noticed Urug
  2390 | D        | Noticed Josephine
  2398 | D        | Killed Urug
  2417 | D        | Killed Josephine
  2418 | D        | Reached skill level 18 in Maces & Flails
  2421 | D        | Reached XP level 12. HP: 84/84 MP: 12/12
  2534 | D        | Noticed Harold
  2545 | D        | Killed Harold
  2702 | D        | Found the +5 robe of Misfortune {Harm *Corrode *Slow EV+5}
  2888 | D        | Noticed a centaur warrior
  2906 | D        | Noticed a stone giant
  2909 | D        | Noticed a frost giant
  2911 | D        | Killed a centaur warrior
  2912 | D        | Reached skill level 15 in Fighting
  2912 | D        | Noticed a lich
  2924 | D        | Noticed a spriggan berserker
  2927 | D        | Reached skill level 19 in Maces & Flails
  2932 | D        | Killed a stone giant
  2935 | D        | HP: 1/88 [frost giant (9)]
  3394 | D        | Killed a frost giant
  3399 | D        | Killed a lich
  3408 | D        | Killed a spriggan berserker
  3787 | D        | Noticed an alligator snapping turtle
  3787 | D        | Noticed a merfolk impaler
  3788 | D        | Noticed a merfolk avatar
  3876 | D        | Reached skill level 15 in Armour
  4475 | D        | Killed an alligator snapping turtle
  4476 | D        | Reached XP level 13. HP: 73/96 MP: 13/13
  4498 | D        | Reached skill level 20 in Maces & Flails
  4562 | D        | Killed a merfolk impaler
  4563 | D        | Noticed a merfolk impaler
  4582 | D        | Killed a merfolk impaler
  4846 | D        | Noticed a broodmother
  4903 | D        | Slain by a pharaoh ant

Illustrated notes

Levels and vault maps discovered:
D:        linesprint [early_d, line_temple, items_1, d_10, items_2, lair_1,
          lair_end, items_3, orc_1, orc_end, items_4, d_15, swamp_1, shoals_1,
          snake_1, spider_1, d_20, vaults_1, items_5, swamp_end, shoals_end,
          snake_end, spider_end, vaults_end, d_27, items_6, zot_1, zot_end,
          crypt_end, forest_end, elf_end, slime_end, tomb_end, abyss_end,
          pan_hell_end]

Skill      XL: |  1  2  3  4  5  6  7  8  9 10 11 12 13 |
---------------+----------------------------------------+-----
Armour         | 4 6 7 9 10 11 12 13 15 | 15.9
Shields        | 4 6 7 8 9 10 11 12 14 | 14.7
Fighting       | 4 5 6 7 8 9 10 11 13 17 | 17.6
Maces & Flails | 3 4 6 7 9 10 12 15 18 19 20 | 20.3
Dodging        | 1 2 3 4 5 6 7 8 |  8.5
Evocations     | 1 2 3 |  3.9
Stealth        | 1 4 6 7 |  7.7
Throwing       | |  0.9

Action                   |  1- 3 |  4- 6 |  7- 9 | 10-12 | 13-15 || total
-------------------------+-------+-------+-------+-------+-------++-------
Melee: Flail             |    34 |     9 |       |       |       ||    43
       Morningstar       |       |    19 |    68 |   309 |       ||   396
       Eveningstar       |       |       |       |    97 |    40 ||   137
Throw: Dart              |       |       |       |     2 |       ||     2
Invok: Potion Petition   |       |       |       |     3 |     1 ||     4
Evoke: Wand              |       |       |     6 |       |       ||     6
  Use: Potion            |     4 |     1 |     2 |     4 |       ||    11
       Scroll            |       |       |       |     2 |       ||     2
 Stab: Invisible         |       |       |     1 |     6 |       ||     7
       Distracted        |       |       |     2 |     3 |       ||     5
       Sleeping          |       |       |       |     1 |       ||     1
Armor: Scale mail        |    25 |     5 |       |       |       ||    30
       Ring mail         |       |    12 |    17 |    74 |       ||   103
       Plate armour      |       |       |       |    16 |    13 ||    29
Dodge: Dodged            |    14 |    10 |    24 |   103 |    13 ||   164
Block: Buckler           |     5 |     5 |    13 |    50 |       ||    73
       Tower shield      |       |       |       |    40 |    26 ||    66

Table legend: (Time is in decaauts)
 A = Elapsed time spent in this place.
 B = Non-inter-level travel time spent in this place.
 C = Inter-level travel time spent in this place.
 D = Time resting spent in this place.
 E = Time spent auto-exploring this place.
 F = Levels seen in this place.
 G = Mean time per level.
                   A        B        C        D        E       F      G
               +--------+--------+--------+--------+--------+-----+--------+
         Total |   4805 |   4805 |      0 |   2120 |    893 |   1 | 4805.0 |
       Dungeon |   4805 |   4805 |      0 |   2120 |    893 |   1 | 4805.0 |
               +--------+--------+--------+--------+--------+-----+--------+

Top non-repeatable levels by time:
       D: 4805 daAuts
